 Dungeon Crawl Stone Soup version 0.32-a0-705-g60f233581c (webtiles) character file.

Game seed: 4291277826926096518

184210 Shayle the Skirmisher (level 18, -2/201 (211) HPs)
             Began as a Coglin Alchemist on Mar 14, 2024.
             Was a Believer of Ashenzari.
             Slain by a profane servitor
             ... wielding a +1 demon whip
              (6 damage)
             ... on level 4 of the Abyss.
             The game lasted 03:34:13 (34096 turns).

Shayle the Skirmisher (Coglin Alchemist)           Turns: 34096, Time: 03:34:14

HP:   -2/201 (211)  AC: 34    Str: 14    XL:     18   Next: 1%
MP:   7/30          EV:  2    Int: 23    God:    Ashenzari [**....]
Gold: 2570          SH:  0    Dex: 19    Spells: 8/34 levels left

rFire   + . .        z - +12 sling of the Nurturing Shrike {flame, Str+2 Dex+3}
rCold   . . .        P - +8 hand cannon of Veribamp {elec, rF+ rCorr Str+3 Int+2}
rNeg    . . .        W - melded +2 robe {rC+}
rPois   +            h - melded +2 helmet of Ashenzari's Vexation {Int+3, Elem, Sorc} (curse)
rElec   .            I - melded +2 cloak "I Knew You'd Do That" {rCorr Str+3, Dev, Cun} (curse)
rCorr   +            F - melded +2 pair of gloves of Ashenzari's Skepticism {Range, Fort} (curse)
SInv    +            t - melded +2 pair of boots "Ruined Rationality" {Fly, Cun, Self} (curse)
Will    +....        (no amulet)
Stlth   ++           (no ring)
HPRegen 0.53/turn    (no ring)
MPRegen 0.22/turn    n - automatic booster {RevParry, rPois rCorr Slay+3}

%: no passive effects
@: mighty, tree-form, wreathed by umbra, lightly drained, revved
A: stationary, stasis, torment immunity, boosted hp, off-hand wielding, slow
wielding, warmup strikes, (no jewellery)
}: 1/15 runes: serpentine
a: Renounce Religion, Curse Item, Shatter the Chains


You were on level 4 of the Abyss.
You worshipped Ashenzari.
Ashenzari was pleased with you.
You were a tree.
You visited 6 branches of the dungeon, and saw 25 of its levels.
You visited the Abyss 1 time.
You also visited: Sewer, Gauntlet and Ice Cave.

You collected 3320 gold pieces.
You spent 750 gold pieces at shops.

Inventory:

Hand Weapons
 z - the +12 sling of the Nurturing Shrike (weapon) {flame, Str+2 Dex+3}
   (You found it on level 5 of the Dungeon)

   Str+2:     It affects your strength (+2).
   Dex+3:     It affects your dexterity (+3).
 P - the +8 hand cannon of Veribamp (offhand) {elec, rF+ rCorr Str+3 Int+2}
   (You acquired it on level 10 of the Dungeon)

   Str+3:     It affects your strength (+3).
   Int+2:     It affects your intelligence (+2).
   rF+:       It protects you from fire.
   rCorr:     It protects you from acid and corrosion.
Missiles
 J - 6 throwing nets
 M - 2 curare-tipped darts
 V - 4 silver javelins
Armour
 h - the cursed +2 helmet of Ashenzari's Vexation (melded) {Int+3, Elem, Sorc}
   (You acquired it on level 4 of the Dungeon)

   It has a curse which improves the following skills: Elements: Fire Magic, Ice
   Magic, Air Magic and Earth Magic.
   Sorcery:   Conjurations and Alchemy.
 t - the cursed +2 pair of boots "Ruined Rationality" (melded) {Fly, Cun, Self}
   (You bought it in a shop on level 8 of the Dungeon)

   It has a curse which improves the following skills: Cunning: Dodging and
   Stealth.
   Introspection: Fighting and Spellcasting.
 F - the cursed +2 pair of gloves of Ashenzari's Skepticism (melded) {Range, Fort}
   (You found it on level 6 of the Dungeon)

   It has a curse which improves the following skills: Ranged Combat: Ranged
   Weapons and Throwing.
   Fortitude: Armour and Shields.
 I - the cursed +2 cloak "I Knew You'd Do That" (melded) {rCorr Str+3, Dev, Cun}
   (You bought it in a shop on level 8 of the Dungeon)

   Str+3:     It affects your strength (+3).
   rCorr:     It protects you from acid and corrosion.
   It has a curse which improves the following skills: Devices: Evocations and
   Shapeshifting.
   Cunning:   Dodging and Stealth.
 Q - a +0 pair of gloves of strength
 W - a +2 robe of cold resistance (melded)
Gizmo
 n - an automatic booster (installed) {RevParry, rPois rCorr Slay+3}
   (You invented it yourself on level 4 of the Lair of Beasts)

   [automatic booster]

   RevParry:  Your AC increases as you Rev (up to +5) and while fully Revved,
   your attacks may disarm enemies.
   Slay+3:    It affects your accuracy & damage with ranged weapons and melee
   (+3).
   rPois:     It protects you from poison.
   rCorr:     It protects you from acid and corrosion.
Wands
 c - a wand of quicksilver (1)
 l - a wand of flame (14)
 y - a wand of warping (2)
 D - a wand of polymorph (19)
 N - a wand of charming (13)
 S - a wand of mindburst (9)
Scrolls
 d - 5 scrolls of teleportation
 e - 2 scrolls of torment
 g - a scroll of fear
 p - 4 scrolls of noise
 r - 4 scrolls of immolation
 s - a scroll of silence
 u - 3 scrolls of vulnerability
 H - 5 scrolls of poison
 L - 3 scrolls of revelation
Potions
 a - a potion of ambrosia
 b - 2 potions of magic
 j - 4 potions of resistance
 k - 3 potions of cancellation
 m - 2 potions of might
 q - 3 potions of mutation
 v - 2 potions of berserk rage
 w - 2 potions of lignification
 x - 2 potions of haste
 A - 4 potions of attraction
 C - 11 potions of curing
 O - a potion of invisibility
Miscellaneous
 T - a phial of floods (inert)
 U - a phantom mirror (inert)
 Y - a condenser vane (inert)


   Skills:
 + Level 12.4 Fighting
 - Level 12.6 Ranged Weapons
 - Level 12.6 Dodging
 - Level 1.5 Stealth
 + Level 8.5 Spellcasting
 + Level 3.9 Conjurations
 - Level 9.0 Fire Magic
 - Level 9.3 Ice Magic
 - Level 5.7 Air Magic
 - Level 9.6 Earth Magic
 + Level 4.8 Alchemy
 + Level 8.4 Shapeshifting


You had 8 spell levels left.
You knew the following spells:

 Your Spells              Type           Power      Damage    Failure   Level
a - Sting                 Conj/Alch      100%       1d9       1%          1
b - Mephitic Cloud        Conj/Alch/Air  32%        N/A       2%          3
c - Sticky Flame          Fire/Alch      41%        2d8       3%          4
d - Airstrike             Air            18%        2d(3-19)  6%          4
e - Olgreb's Toxic Radia  Alch           32%        N/A       9%          4
f - Fireball              Conj/Fire      19%        3d9       13%         5
g - Freezing Cloud        Conj/Ice/Air   19%        6-21      14%         5

Your spell library contained the following spells:

 Spells                   Type           Power      Damage    Failure   Level
 Shock                    Conj/Air       100%       1d9       1%          1
 Ensorcelled Hibernation  Hex/Ice        62%        N/A       1%          2
 Mercury Vapours          Alch/Air       68%        N/A       1%          2
 Passwall                 Erth           53%        N/A       1%          3
 Stone Arrow              Conj/Erth      82%        3d12      1%          3
 Swiftness                Air            36%        N/A       1%          3
 Cigotuvi's Dreadful Rot  Necr/Alch/Air  52%        N/A       2%          2
 Inner Flame              Hex/Fire       30%        N/A       3%          3
 Ignite Poison            Fire/Alch      41%        N/A       3%          4
 Leda's Liquefaction      Alch/Erth      21%        N/A       3%          4
 Brom's Barrelling Bould  Conj/Erth      41%        2d6       4%          4
 Flame Wave               Conj/Fire      39%        2d11      4%          4
 Apportation              Tloc           18%        N/A       7%          1
 Necrotise                Necr           36%        1d5       7%          1
 Summon Small Mammal      Summ           36%        N/A       7%          1
 Animate Armour           Summ/Erth      64%        N/A       9%          4
 Teleport Other           Tloc           9%         N/A       21%         3
 Vhi's Electric Charge    Tloc/Air       44%        N/A       21%         4
 Alistair's Intoxication  Alch           21%        N/A       24%         5
 Iskenderun's Battlesphe  Conj           28%        2d8       34%         5
 Sculpt Simulacrum        Ice/Alch       21%        N/A       47%         6
 Manifold Assault         Tloc           9%         N/A       54%         4
 Martyr's Knell           Necr/Summ      9%         N/A       54%         4
 Conjure Ball Lightning   Conj/Air       16%        3x3d6     80%         6
 Eringya's Noxious Bog    Alch           16%        4d6       80%         6
 Summon Forest            Summ/Tloc      4%         N/A       88%         5
 Orb of Destruction       Conj           14%        9d7       100%        7
 Summon Hydra             Summ           4%         N/A       100%        7
 Disjunction              Tloc           4%         N/A       100%        8
 Lehudib's Crystal Spear  Conj/Erth      20%        10d6      100%        8
 Chain Lightning          Conj/Air       16%        3d21      100%        9
 Fire Storm               Conj/Fire      19%        8d5       100%        9
 Shatter                  Erth           26%        3d22*     100%        9


Dungeon Overview and Level Annotations

Branches:
Dungeon (12/15)            Temple (1/1) D:4            Lair (5/5) D:8
 Shoals (1/4) Lair:3        Snake (4/4) Lair:2        Slime (0/5) Lair:4
    Orc (2/2) D:11            Elf (0/3) Orc:2         Sewer (visited)
  IceCv (visited)         Gauntlet (visited)

Altars:
Ashenzari
Cheibriados
Dithmenos
Elyvilon
Fedhas
Gozag
Hepliaklqana
Kikubaaqudgha
Makhleb
Nemelex Xobeh
Okawaru
Qazlal
Ru
Sif Muna
Trog
Uskayaw
Vehumet
Wu Jian
Xom
Yredelemnul
Zin
The Shining One
Beogh
Jiyva
Lugonu

Shops:
D:2 *   D:7 ![*   D:8 [[[   Orc:2 [[(=![!=(   Snake:2 (   Snake:4 =

Portals:
Abyss: Lair:5

Annotations:
D:3 exclusion: statue
Lair:2 3 runed translucent doors, sleeves's ghost, journeyman AtAr
Lair:5 3 runed translucent doors, Wuelaos's ghost, journeyman DrBe
Shoals:1 Louise


Innate Abilities, Weirdness & Mutations

You are a tree.
Your roots penetrate the ground, keeping you stationary.
You cannot be teleported.
You are immune to unholy pain and torment.
Your maximum health is greatly increased.
Your equipment is partially melded.
You can wield a second weapon in your off-hand.
It takes a long time for you to wield or remove held weapons.
Your first few attacks do less damage.
((You cannot equip rings or amulets.))


Message History

The cursed +2 pair of boots "Ruined Rationality" {Fly, Cun, Self} melds into your body.
Your +2 robe of cold resistance melds into your body.
You feel stupid.
You float gracefully downwards.
You feel less resistant to cold.
Your roots penetrate the ground.
Ashenzari will no longer keep your mind clear.
The profane servitor completely misses you.
The profane servitor hits you but does no damage.
You shoot a sling bullet.
The sling bullet hits the profane servitor.
The sling bullet burns the profane servitor.
The profane servitor is heavily damaged.
You shoot a slug. The slug hits the profane servitor!
The profane servitor is severely damaged.
The profane servitor hits you but does no damage. x2
The profane servitor hits you with a +1 demon whip!
* * * LOW HITPOINT WARNING * * *
The profane servitor draws strength from your injuries!
The profane servitor hits you but does no damage.
Unknown command.
You shoot a slug.
The slug closely misses the profane servitor.
You shoot a sling bullet.
The sling bullet hits the profane servitor.
The sling bullet burns the profane servitor.
The profane servitor is severely damaged.
The profane servitor hits you but does no damage. x2
You shoot a slug. The slug misses the profane servitor.
You shoot a sling bullet.
The sling bullet barely misses the profane servitor.
The profane servitor hits you but does no damage. x2
The profane servitor hits you with a +1 demon whip.
* * * LOW HITPOINT WARNING * * *
The profane servitor draws strength from your injuries!
The profane servitor hits you but does no damage.
You shoot a slug. The slug misses the profane servitor.
You shoot a sling bullet.
The sling bullet closely misses the profane servitor.
The profane servitor hits you with a +1 demon whip.
You die...

.§≈§#≈§ # {{ ..≈#≈≈
.§§#§.ß# {{ ß. #≈ .
#§§#≈∩§#{{ #..≈#≈ .
#≈§#≈..## ##. § ≈ #
##
#≈≈#≈X°§###..†§#≈ §
.. #.≈≈§≈.§☼§.
§≈§§≈.
##.#..≈≈≈§§§§..≈§§§
# #...⌠○§≈§§§§§≈≈≈≈
.⌠
#>##°♣A~§§#####≈≈..
≈. ##○§§.≈§§§≈≈ .
⌠≈## #.≈⌠§)§§§
≈..⌠≈#
##...###∩§###.#
#..## ... #. #.#..
. # # ## #.##.#
.#...# . .


You could see a profane servitor and a large abomination.

Vanquished Creatures
  A hellephant (Abyss:4)
  Rupert (Orc:2)
  Gastronok (Lair:1)
  Roxanne (Snake:1)
  3 nagarajas
  Donald (Snake:3)
  A draconian shifter (Abyss:4)
  3 orc warlords
  A minotaur (Gauntlet)
  4 dire elephants (Abyss:4)
  Azrael (Orc:2)
  A white draconian (IceCv)
  Snorg (Lair:4)
  3 salamander tyrants (Snake:4)
  6 hydras
  A centaur warrior (Shoals:1)
  Erica (Orc:1)
  3 two-headed ogres
  7 anacondas
  5 death yaks (Lair:4)
  A death scarab (Gauntlet)
  2 boulder beetles
  2 orc high priests (Orc:2)
  An occultist (Abyss:4)
  15 naga sharpshooters
  Urug (Orc:1)
  5 thrashing horrors
  3 shock serpents
  A soul eater (Gauntlet)
  24 naga warriors
  A wretched star (Abyss:4)
  3 skysharks
  A fire crab (Gauntlet)
  A sixfirhy (Abyss:4)
  A glowing orange brain (Abyss:4)
  5 salamander mystics
  17 mana vipers
  11 naga ritualists
  2 orc knights
  5 orc sorcerers
  2 fauns (Shoals:1)
  2 ugly things
  A cyclops (D:12)
  16 salamanders
  3 manticores
  Maurice (Orc:2)
  20 naga magi
  4 guardian serpents
  A black mamba (shapeshifter) (Lair:5)
  An eye of devastation (Abyss:4)
  5 elephants (Abyss:4)
  36 black mambas
  10 kobold blastminers (Orc:2)
  2 merfolk sirens (Shoals:1)
  3 smoke demons
  3 gargoyles
  5 cane toads
  2 ice statues (IceCv)
  2 large abominations
  4 rime drakes (IceCv)
  A rime drake (shapeshifter) (Lair:5)
  An unseen horror (D:10)
  8 komodo dragons
  A kobold demonologist (D:10)
  An ancient zyme (Abyss:4)
  A wind drake (Shoals:1)
  A raiju (Lair:5)
  5 trolls
  3 hornets (Gauntlet)
  38 blink frogs
  A dream sheep (Lair:5)
  A spriggan (Lair:5)
  2 shadows
  2 wraiths
  2 ynoxinuls (Lair:5)
  A wyvern (shapeshifter) (Lair:5)
  40 yaks
  2 fire bats (Gauntlet)
  A fire elemental (Orc:1)
  2 wyverns
  8 basilisks
  4 wargs
  8 vampire mosquitoes (D:12)
  10 small abominations
  58 nagas
  A death yak simulacrum (Lair:5)
  A spatial vortex (Abyss:4)
  A spectral cane toad (Gauntlet)
  Duvessa (D:5)
  11 water moccasins
  2 acid dragons
  40 orc warriors
  6 hell hounds
  An ice beast (D:8)
  3 black bears
  2 laughing skulls (D:10)
  A hornet zombie (D:7)
  8 ogres
  4 centaurs
  18 wolves
  4 phantoms
  6 kobold brigands
  A wyvern zombie (D:7)
  10 bullfrogs
  4 gnoll sergeants
  3 brain worms
  9 wights
  Dowan (D:5)
  2 troll zombies (D:11)
  9 killer bees
  6 lindwurm simulacra (IceCv)
  5 howler monkeys
  2 electric eels
  4 hounds
  2 gnoll boudas
  A bullfrog zombie (D:7)
  4 bombardier beetles
  2 jellies
  5 komodo dragon simulacra (IceCv)
  16 orc priests
  2 iguanas
  Terence (D:3)
  A sleepcap (D:7)
  21 orc wizards
  A polar bear simulacrum (Lair:5)
  3 killer bee zombies (D:7)
  6 ogre zombies (D:11)
  A howler monkey zombie (D:7)
  32 gnolls
  4 acid dragon simulacra (IceCv)
  11 adders
  5 river rats (Sewer)
  3 shadow imps
  2 white imps
  2 ufetubi (D:7)
  6 steam dragon simulacra (IceCv)
  2 dart slugs
  2 ribbon worms
  An orc (shapeshifter) (Lair:5)
  103 orcs
  8 ball pythons
  12 endoplasms
  7 giant cockroaches
  6 goblins
  14 hobgoblins
  4 jackals
  2 quokkas
  5 bats
  6 frilled lizards
  2 gnoll skeletons (D:11)
  A gnoll zombie (D:11)
  27 kobolds
  3 orc skeletons (D:11)
  19 orc zombies (D:11)
  15 rats
1009 creatures vanquished.

Notes
Turn   | Place    | Note
-------+----------+-------------------------------------------
     0 | D:1      | Shayle the Coglin Alchemist began the quest for the Orb.
     0 | D:1      | Reached XP level 1. HP: 13/13 MP: 3/3
   466 | D:1      | Reached skill level 1 in Fighting
   466 | D:1      | Reached XP level 2. HP: 21/21 MP: 2/4
   513 | D:1      | Reached skill level 1 in Ranged Weapons
  1117 | D:1      | Reached XP level 3. HP: 26/26 MP: 1/5
  1121 | D:1      | Learned a level 3 spell: Mephitic Cloud
  1388 | D:2      | Reached skill level 1 in Conjurations
  1394 | D:2      | Got the Disquisition on the Virulent Throng
  1625 | D:2      | Upgraded the game from 0.32-a0-699-g1ee5eff69a to
                  | 0.32-a0-705-g60f233581c
  1712 | D:2      | Reached XP level 4. HP: 33/33 MP: 3/6
  1791 | D:2      | Found Xoexat's General Store.
  2162 | D:3      | Found a radiant altar of Vehumet.
  2162 | D:3      | Noticed a charred statue
  2640 | D:3      | Noticed Terence
  2652 | D:3      | Killed Terence
  2653 | D:3      | Reached skill level 1 in Air Magic
  3117 | D:3      | Reached XP level 5. HP: 38/38 MP: 3/7
  3220 | D:3      | Identified the +7 quarterstaff of Shayle's Dismemberment
                  | {flame, Dex+3}
  3732 | D:4      | Noticed a phantom
  3760 | D:4      | Reached skill level 5 in Ranged Weapons
  3760 | D:4      | Reached skill level 5 in Spellcasting
  3760 | D:4      | Reached skill level 5 in Air Magic
  3760 | D:4      | Reached XP level 6. HP: 7/53 MP: 7/13
  3760 | D:4      | HP: 3/79 [phantom (3)]
  3924 | D:4      | Found a glowing drain.
  3940 | D:4      | Reached XP level 7. HP: 53/59 MP: 14/14
  3945 | Sewer    | Entered a sewer
  4232 | Sewer    | Learned a level 4 spell: Sticky Flame
  4544 | Sewer    | Reached skill level 1 in Fire Magic
  4932 | D:4      | Reached XP level 8. HP: 65/65 MP: 11/15
  4996 | D:4      | Found a staircase to the Ecumenical Temple.
  5007 | Temple   | Entered the Ecumenical Temple
  5339 | D:5      | Entered Level 5 of the Dungeon
  5485 | D:4      | Identified a scroll of acquirement
  5485 | D:4      | Acquired a +2 helmet of intelligence
  5505 | D:5      | Found a broken altar of Ashenzari.
  5508 | D:5      | Became a worshipper of Ashenzari the Shackled
  5630 | D:5      | Noticed Duvessa
  5631 | D:5      | Noticed Dowan
  5643 | D:5      | Killed Duvessa
  5652 | D:5      | Killed Dowan
  5783 | D:5      | Identified the +12 sling of the Nurturing Shrike {flame,
                  | Str+2 Dex+3}
  6672 | D:6      | Reached XP level 9. HP: 72/72 MP: 16/16
  6873 | D:6      | Found a white marble altar of Elyvilon.
  7178 | D:7      | Found a basalt altar of Yredelemnul.
  7400 | D:7      | Found Zazefij's Armour Emporium.
  7477 | D:7      | Found Jinoec's Distillery.
  7632 | D:7      | Reached skill level 5 in Fire Magic
  7687 | D:7      | Identified the blade talisman of Resourcefulness {rPois
                  | rF++ rN+ Int-2}
  8130 | D:7      | Found Iguix's General Store.
  8138 | D:7      | Bought a scroll of identify for 20 gold pieces
  8138 | D:7      | Bought a scroll of identify for 20 gold pieces
  8190 | D:8      | Found Qeukom's Antique Armour Boutique.
  8190 | D:8      | Found Noaczodd's Antique Armour Boutique.
  8190 | D:8      | Found Ereez's Antique Armour Boutique.
  8192 | D:8      | Bought a bloodstained cloak for 190 gold pieces
  8192 | D:8      | Identified the +2 cloak of Salvation {rCorr Str+3} (You
                  | bought it in a shop on level 8 of the Dungeon)
  8335 | D:8      | Reached XP level 10. HP: 79/79 MP: 9/17
  8420 | D:8      | Reached skill level 1 in Earth Magic
  8488 | D:8      | Found a staircase to the Lair.
  8492 | Lair:1   | Entered Level 1 of the Lair of Beasts
  8512 | Lair:1   | Noticed a four-headed hydra
  8552 | Lair:1   | Killed a four-headed hydra
  8592 | Lair:1   | Reached skill level 1 in Ice Magic
  8594 | Lair:1   | Reached skill level 5 in Dodging
  8722 | Lair:1   | Noticed Gastronok
  8754 | Lair:1   | Killed Gastronok
  8755 | Lair:1   | Reached XP level 11. HP: 46/84 MP: 5/18
  8921 | Lair:1   | Reached * piety under Ashenzari
  8921 | Lair:1   | Reached ** piety under Ashenzari
  9670 | Lair:1   | Reached skill level 5 in Earth Magic
  9815 | Lair:2   | Noticed an eight-headed hydra
  9826 | Lair:2   | Found a staircase to the Snake Pit.
  9828 | Lair:2   | Noticed a boulder beetle
 10278 | Lair:2   | Reached XP level 12. HP: 91/91 MP: 19/19
 10353 | Lair:2   | Reached skill level 5 in Ice Magic
 10466 | Lair:2   | Noticed sleeves's ghost (journeyman AtAr)
 10468 | Lair:2   | Noticed a minotaur
 10486 | Lair:2   | Found a runed translucent gate.
 10486 | Lair:2   | Found a runed translucent gate.
 10486 | Lair:2   | Found a runed translucent gate.
 10508 | Lair:2   | Killed an eight-headed hydra
 10709 | Lair:2   | Noticed a skyshark
 10783 | Lair:2   | Killed a boulder beetle
 11277 | Lair:3   | Found a staircase to the Shoals.
 11308 | Lair:3   | Found a broken altar of Ashenzari.
 12240 | Lair:4   | Found a staircase to the Slime Pits.
 12245 | Lair:4   | Found a viscous altar of Jiyva.
 12276 | Lair:4   | Identified Wotuc's Atlas of Orientation
 12298 | Lair:4   | Noticed a death yak
 12320 | Lair:4   | Killed a death yak
 12555 | Lair:4   | Noticed a six-headed hydra
 12562 | Lair:4   | Killed a six-headed hydra
 12564 | Lair:4   | Noticed Snorg
 12571 | Lair:4   | Killed Snorg
 12613 | Lair:4   | Noticed a death yak
 12616 | Lair:4   | Noticed a death yak
 12616 | Lair:4   | Noticed a death yak
 12617 | Lair:4   | Noticed a death yak
 12632 | Lair:4   | Killed a death yak
 12633 | Lair:4   | Reached XP level 13. HP: 96/96 MP: 1/20
 13617 | Lair:5   | Entered Level 5 of the Lair of Beasts
 13749 | Lair:5   | Found a frozen archway.
 13766 | IceCv    | Entered an ice cave
 14107 | IceCv    | Identified the ring "Daluhaep" {Fly rC+ Str+4 Int-3}
 14515 | IceCv    | Noticed a white draconian
 14708 | IceCv    | Killed a white draconian
 14998 | Lair:5   | Reached skill level 10 in Ranged Weapons
 15157 | Lair:5   | Reached skill level 1 in Shapeshifting
 15506 | Lair:5   | Learned a level 4 spell: Airstrike
 15640 | Lair:5   | Identified the staff "Ihoruhuf" {rF- rC+ rN++ Str+4 SInv
                  | Ice}
 16401 | Lair:5   | Found a runed translucent gate.
 16402 | Lair:5   | Found a runed translucent gate.
 16403 | Lair:5   | Found a runed translucent gate.
 16529 | Lair:5   | Reached XP level 14. HP: 104/104 MP: 17/21
 16789 | Lair:5   | Noticed Wuelaos's ghost (journeyman DrBe)
 16789 | Lair:5   | Identified the ring "Ponas" {Fire Str+6}
 17061 | Lair:5   | Acquired an automatic booster {RevParry, rPois rCorr
                  | Slay+3}
 17495 | Lair:5   | Found a corrupted altar of Lugonu.
 17495 | Lair:5   | Found a one-way gate to the infinite horrors of the Abyss.
 18004 | D:8      | Bought a pair of runed boots for 247 gold pieces
 18217 | D:8      | Found an iron altar of Okawaru.
 18318 | D:8      | Learned a level 4 spell: Olgreb's Toxic Radiance
 18620 | D:9      | Found a sparkling altar of Nemelex Xobeh.
 18751 | D:9      | Found a burning altar of Makhleb.
 18780 | D:9      | Found an opulent altar of Gozag.
 18963 | D:8      | Bought a glowing robe for 77 gold pieces
 19369 | D:9      | Found a glowing silver altar of Zin.
 19569 | D:9      | Found a shimmering blue altar of Sif Muna.
 19572 | D:9      | Identified Sif Muna's Almanac of Electrocution
 19622 | D:10     | Entered Level 10 of the Dungeon
 19707 | D:10     | Acquired the +8 hand cannon of Veribamp {elec, rF+ rCorr
                  | Str+3 Int+2}
 19824 | D:10     | Found a stormy altar of Qazlal.
 20004 | D:10     | Identified the +8 flail "Aruur" {drain, rC+}
 20176 | D:10     | Found a glowing golden altar of the Shining One.
 20341 | D:10     | Found an ornate altar of the Wu Jian Council.
 20925 | D:11     | Found a staircase to the Orcish Mines.
 20946 | Orc:1    | Entered Level 1 of the Orcish Mines
 21035 | D:11     | You are sucked into a shaft and drop 1 floor!
 21042 | D:12     | Found a gate leading to a gauntlet.
 21050 | Gauntlet | Entered a Gauntlet
 21050 | Gauntlet | Found a transporter.
 21050 | Gauntlet | Found a transporter.
 21050 | Gauntlet | Found a transporter.
 21070 | Gauntlet | Found a transporter.
 21079 | Gauntlet | Noticed a quicksilver ooze
 21083 | Gauntlet | Found a transporter.
 21104 | Gauntlet | Found a transporter.
 21110 | Gauntlet | Found a transporter.
 21118 | Gauntlet | Found a transporter.
 21135 | Gauntlet | Found a transporter.
 21143 | Gauntlet | Found a transporter.
 21160 | Gauntlet | Found a transporter.
 21171 | Gauntlet | Found a transporter.
 21242 | Gauntlet | Learned a level 5 spell: Fireball
 21695 | D:12     | Reached skill level 10 in Dodging
 21743 | D:12     | Found a roughly hewn altar of Beogh.
 22234 | D:11     | Found a stormy altar of Qazlal.
 22997 | Orc:1    | Noticed Erica
 23007 | Orc:1    | Killed Erica
 23055 | Orc:1    | Noticed an orc warlord
 23082 | Orc:1    | Killed an orc warlord
 23085 | Orc:1    | Reached XP level 15. HP: 100/113 MP: 1/22
 23365 | Orc:2    | Entered Level 2 of the Orcish Mines
 23365 | Orc:2    | Noticed Maurice
 23369 | Orc:2    | Killed Maurice
 23381 | Orc:2    | Found a roughly hewn altar of Beogh.
 23401 | Orc:2    | Noticed Rupert
 23410 | Orc:2    | Found Pas Gait's Antique Armour Boutique.
 23421 | Orc:2    | Killed Rupert
 23616 | Orc:2    | Found Yruzour's Jewellery Shop.
 23657 | Orc:2    | Found a staircase to the Elven Halls.
 23747 | Orc:2    | Found a roughly hewn altar of Beogh.
 23754 | Orc:2    | Found Yseuch's Armour Emporium.
 24051 | Orc:2    | Noticed Azrael
 24058 | Orc:2    | Killed Azrael
 24066 | Orc:2    | Found Muux's Distillery.
 24082 | Orc:2    | Found Dyinojegaph's Weapon Shoppe.
 24108 | Orc:2    | Found a roughly hewn altar of Beogh.
 24142 | Orc:2    | Found Ticauj's Jewellery Shop.
 24192 | Orc:2    | Found a roughly hewn altar of Beogh.
 24265 | Orc:2    | Noticed an orc warlord
 24275 | Orc:2    | Killed an orc warlord
 24477 | Orc:2    | Found a roughly hewn altar of Beogh.
 24607 | Orc:2    | Noticed an orc warlord
 24631 | Orc:2    | Killed an orc warlord
 24842 | Orc:2    | Found Defiem's Antique Armour Boutique.
 24843 | Orc:2    | Found a roughly hewn altar of Beogh.
 24846 | Orc:2    | Found Xugots Usot's Antique Weapon Shop.
 25010 | Orc:2    | Found Ymadu's Distillery.
 25017 | Orc:2    | Bought a potion of heal wounds for 70 gold pieces
 25017 | Orc:2    | Bought a potion of curing for 42 gold pieces
 25017 | Orc:2    | Bought a potion of curing for 42 gold pieces
 25017 | Orc:2    | Bought a potion of curing for 42 gold pieces
 25131 | Orc:2    | Found a roughly hewn altar of Beogh.
 25270 | Orc:1    | Noticed Urug
 25281 | Orc:1    | Killed Urug
 25587 | Snake:1  | Entered Level 1 of the Snake Pit
 25892 | Snake:1  | Reached skill level 5 in Shapeshifting
 25989 | Snake:1  | Reached *** piety under Ashenzari
 26539 | Snake:1  | Reached skill level 10 in Fighting
 26541 | Snake:1  | Noticed Roxanne
 26559 | Snake:1  | Killed Roxanne
 26927 | Snake:2  | Reached XP level 16. HP: 86/126 MP: 21/26
 27605 | Snake:2  | Learned a level 5 spell: Freezing Cloud
 28005 | Snake:2  | Found Eriufuq's Weapon Shop.
 28741 | Snake:3  | Noticed Donald
 28761 | Snake:3  | Killed Donald
 30128 | Snake:4  | Entered Level 4 of the Snake Pit
 30488 | Snake:4  | Noticed a nagaraja
 30497 | Snake:3  | Killed a nagaraja
 31283 | Snake:4  | Reached XP level 17. HP: 89/135 MP: 20/29
 32287 | Snake:4  | Got a serpentine rune of Zot
 33001 | Snake:4  | Found Nellied's One-of-a-Kind Rings.
 33550 | Shoals:1 | Entered Level 1 of the Shoals
 33758 | Shoals:1 | Noticed Louise
 33856 | Abyss:3  | Cast into level 3 of the Abyss (Louise)
 33941 | Abyss:4  | Noticed a hellephant
 33987 | Abyss:4  | Killed a hellephant
 34013 | Abyss:4  | Noticed a tentacled starspawn
 34061 | Abyss:4  | Reached XP level 18. HP: 72/145 MP: 22/32
 34071 | Abyss:4  | Noticed a profane servitor
 34093 | Abyss:4  | HP: 7/201 [profane servitor/+1 demon whip (10)]
 34095 | Abyss:4  | HP: 3/201 [profane servitor/+1 demon whip (5)]
 34096 | Abyss:4  | Slain by a profane servitor

Illustrated notes

Levels and vault maps discovered:
D:1:      lemuel_arrival_river_ford, layout_basic
D:2:      layout_rooms, serial_shops, nicolae_shop_behind_doors
D:3:      minmay_chambers_of_threes, layout_basic, vehumet_statue,
          chequers_mini_garden, corner_web_ring, uniq_terence
D:4:      layout_cave_pools, minmay_temple_entry_statues_fountains,
          gup_sewer_entry_glass
D:5:      layout_gridville, lemuel_crystal_altar,
          eino_small_chamber_without_monster, minmay_fractal_squares_gapless_5,
          uniq_duvessa
D:6:      layout_rooms, mainiacjoe_overflow_concentric_impassable,
          kennysheep_generic_room_7
D:7:      layout_basic, nicolae_yredelemnul_corpse_copse, serial_shops,
          nicolae_shop_just_a_little_nook, nicolae_take_the_stairs,
          nicolae_shop_behind_doors
D:8:      layout_loops_ring, mainiacjoe_overflow_alcove_4, lair_entry_dummy,
          nicolae_shop_distant_corner_stores
D:9:      layout_long_grid, mainiacjoe_overflow_small_starburst,
          nicolae_gozag_cash_rules_everything_around_me, led_sif_book,
          overflow_temple_1_default, nemelex_spade_bored_becter,
          minmay_fractal_squares_gapless_7
D:10:     layout_cave_pods, nicolae_wu_jian_glorious_leap,
          overflow_temple_1_default, nicolae_overflow_crystal_walls,
          grunt_ministairs_3
D:11:     cheibrodos_orc_bank, layout_loops_ring, zombieorc2_lemuel,
          minivault_24, nicolae_qazlal_style_of_elements
D:12:     layout_rooms, gauntlet_entry_generic, special_room [special_room_orc]
Temple:   hellmonk_temple_rainy
Lair:1:   layout_chaotic_city, uniq_gastronok
Lair:2:   layout_regular_city, guppyfry_snake_entry_island,
          maelrawn_ghost_gauntlet_escape, lemuel_fruit_fields
Lair:3:   layout_cave_pods, minmay_shoals_entry_centaurs, basic_altar,
          infiniplex_staircase_pool
Lair:4:   layout_cave_pods, slime_entry_1, grunt_megastairs_2,
          serial_bayou_shore_b, uniq_snorg
Lair:5:   hellmonk_lair_end_abyssal_woods, layout_cave_pods,
          gammafunk_ghost_icy, portal_ice_cave_entry_ice_simulacra,
          dreamdust_gnoll_shepherd, serial_bayou_shore_a
Shoals:1: layout_shoals, uniq_louise
Snake:1:  layout_onion, abandoned_shop, uniq_roxanne
Snake:2:  layout_onion_interference, serial_shops, shop, lemuel_fruit_tree,
          serial_bayou_shore_b
Snake:3:  layout_layer_cave, grunt_megastairs_1, uniq_donald
Snake:4:  snake_pit, layout_onion_interference, nicolae_shop_unique_rings,
          drop_trap, grunt_megastairs_5
Orc:1:    layout_caves, uniq_erica, uniq_urug
Orc:2:    grunt_orc_community_town_hall, layout_caves,
          grunt_orc_community_big_house_1, grunt_orc_community_big_house_2,
          grunt_orc_community_house_2, grunt_orc_community_house_2,
          grunt_orc_community_house_2, grunt_orc_community_house_3,
          serial_shops, nicolae_shop_gaudy_bauble, shop,
          nicolae_shop_advertising_works [nicolae_subvault_shop_adworks],
          nicolae_shop_real_fake_doors, shop, kennysheep_orc_chapel,
          uniq_maurice, uniq_azrael, uniq_rupert
Abyss:4:  base: D:14, evilmike_abyss_exit_12, hangedman_abyss_batty_box,
          evilmike_abyss_rune_elephants_shrine

Skill      XL: |  1  2  3  4  5  6  7  8  9 10 11 12 13 14 15 16 17 |
---------------+----------------------------------------------------+-----
Fighting       | 1 2 6 7 9 10 11 12 | 12.4
Ranged Weapons | 1 2 5 6 7 8 9 10 11 12 | 12.6
Conjurations   | 1 2 3 |  3.9
Air Magic      | 1 5 |  5.7
Spellcasting   | 5 7 8 |  8.5
Alchemy        | 4 |  4.8
Fire Magic     | 1 2 5 6 7 9 |  9.0
Dodging        | 2 4 5 7 8 9 10 11 12 | 12.6
Earth Magic    | 3 5 7 8 9 |  9.6
Ice Magic      | 2 4 6 7 8 9 |  9.3
Shapeshifting  | 2 4 5 7 8 |  8.4
Stealth        | |  1.5

Action                     |  1- 3 |  4- 6 |  7- 9 | 10-12 | 13-15 | 16-18 || total
---------------------------+-------+-------+-------+-------+-------+-------++-------
  Melee: Dagger            |    30 |    63 |       |       |       |       ||    93
         Whip              |    23 |    13 |       |       |       |       ||    36
         Flail             |       |    20 |       |       |       |       ||    20
         War axe           |       |    31 |   116 |       |       |       ||   147
         Short sword       |       |     8 |   112 |       |       |       ||   120
   Fire: Sling             |       |       |   294 |   722 |  1441 |   448 ||  2905
         Hand cannon       |       |       |       |       |   523 |   448 ||   971
   Cast: Sting             |    55 |    22 |       |       |       |       ||    77
         Mephitic Cloud    |       |     9 |    17 |    41 |    88 |     7 ||   162
         Sticky Flame      |       |       |       |    26 |    71 |    14 ||   111
         Olgreb's Toxic Ra |       |       |       |       |    25 |    23 ||    48
         Airstrike         |       |       |       |       |    13 |     5 ||    18
         Fireball          |       |       |       |       |     5 |       ||     5
         Freezing Cloud    |       |       |       |       |       |    82 ||    82
 Invoke: Curse Item        |       |       |     1 |     1 |     2 |       ||     4
Ability: Invent Gizmo      |       |       |       |       |     1 |       ||     1
  Evoke: Wand              |       |       |       |     4 |    23 |     4 ||    31
         Phantom mirror    |       |       |       |       |     1 |     2 ||     3
         Phial of floods   |       |       |       |       |     1 |     1 ||     2
         Condenser vane    |       |       |       |       |       |     1 ||     1
    Use: Scroll            |     1 |       |    16 |     3 |     5 |     4 ||    29
         Potion            |       |     6 |       |     3 |     3 |     8 ||    20
   Stab: Confused          |       |     4 |     6 |       |       |       ||    10
         Invisible         |       |     2 |       |       |       |       ||     2
         Sleeping          |       |       |     1 |       |       |       ||     1
 Armour: Robe              |    21 |    55 |    98 |    41 |   186 |   188 ||   589
         Skin              |       |    18 |       |       |       |    12 ||    30
  Dodge: Dodged            |    18 |    41 |    85 |    54 |   249 |   179 ||   626

Table legend: (Time is in decaauts)
 A = Elapsed time spent in this place.
 B = Non-inter-level travel time spent in this place.
 C = Inter-level travel time spent in this place.
 D = Time resting spent in this place.
 E = Time spent auto-exploring this place.
 F = Levels seen in this place.
 G = Mean time per level.
                   A        B        C        D        E       F      G
               +--------+--------+--------+--------+--------+-----+--------+
         Total |  34302 |  32669 |   1633 |   9503 |  14906 |  30 | 1143.4 |
       Dungeon |  12007 |  11222 |    785 |   1567 |   7036 |  12 | 1000.6 |
        Temple |     14 |     14 |      0 |      0 |      0 |   1 |   14.0 |
          Lair |   8633 |   8132 |    501 |   2402 |   3942 |   5 | 1726.6 |
        Shoals |    304 |    304 |      0 |     87 |    132 |   1 |  304.0 |
     Snake Pit |   7691 |   7413 |    278 |   3324 |   2689 |   4 | 1922.8 |
  Orcish Mines |   2585 |   2518 |     67 |    921 |    871 |   2 | 1292.5 |
         Abyss |    236 |    236 |      0 |     24 |      3 |   2 |  118.0 |
         Sewer |   1096 |   1096 |      0 |    231 |    232 |   1 | 1096.0 |
      Ice Cave |   1112 |   1112 |      0 |    698 |      0 |   1 | 1112.0 |
      Gauntlet |    621 |    621 |      0 |    246 |      0 |   1 |  621.0 |
               +--------+--------+--------+--------+--------+-----+--------+

Top non-repeatable levels by time:
 Snake:3: 3324 daAuts
  Lair:5: 3046 daAuts
  Lair:1: 1708 daAuts
     D:3: 1671 daAuts
   Orc:2: 1645 daAuts
 Snake:4: 1634 daAuts
  Lair:4: 1478 daAuts
 Snake:1: 1459 daAuts
     D:1: 1388 daAuts
 Snake:2: 1273 daAuts
  Lair:3: 1214 daAuts
  Lair:2: 1185 daAuts
    D:11: 1183 daAuts
     D:7: 1166 daAuts
   IceCv: 1112 daAuts
